 Dungeon Crawl Stone Soup version 0.24-a0-479-g9a978d2894 (webtiles) character file.

Game seed: 17414544605322456711

179 DonutEater the Digger (level 5, -1/28 HPs)
             Began as a Gargoyle Earth Elementalist on July 8, 2019.
             Slain by Grinder (7 damage)
             ... on level 3 of the Dungeon.
             The game lasted 00:09:25 (3542 turns).

DonutEater the Digger (Gargoyle Earth Elementalist) Turns: 3542, Time: 00:09:26

Health: -1/28      AC:  7    Str: 12    XL:     5   Next: 59%
Magic:  2/10       EV: 12    Int: 16    God:
Gold:   158        SH:  0    Dex: 10    Spells: 2/11 levels left

rFire    . . .     SeeInvis .   e - +3 spear (venom)
rCold    . . .     Gourm    .   (no shield)
rNeg     + . .     Faith    .   c - +1 robe
rPois    ∞         Spirit   .   (no helmet)
rElec    +         Reflect  .   (no cloak)
rCorr    .         Harm     .   (no gloves)
MR       .....                  (no boots)
Stlth    ++........             (no amulet)
HPRegen  0.09/turn              (no ring)
MPRegen  0.12/turn              (no ring)

@: no status effects
A: negative energy resistance 1, electricity resistance, unbreathing,
petrification resistance, rot immunity, AC +4
a: no special abilities


You were on level 3 of the Dungeon.
You were not hungry.

You visited 1 branch of the dungeon, and saw 3 of its levels.

You collected 158 gold pieces.

Inventory:

Hand Weapons
 a - a +0 club
 e - a +3 spear of venom (weapon)
 f - a +0 falchion
Missiles
 b - 197 stones (quivered)
 h - a throwing net
Armour
 c - a +1 robe (worn)
Jewellery
 l - an uncursed ring of fire
Scrolls
 g - a scroll of enchant armour
 j - 2 scrolls of magic mapping
 k - 3 scrolls of identify
Comestibles
 d - 6 rations
 i - 12 chunks of flesh


   Skills:
 - Level 1.5 Dodging
 - Level 2.1 Stealth
 + Level 3.5 Spellcasting
 + Level 2.4 Conjurations
   Level 0.7 Transmutations
 + Level 5.3 Earth Magic


You had 2 spell levels left.
You knew the following spells:

 Your Spells              Type           Power        Failure   Level  Hunger
a - Sandblast             Erth           ###...       1%          1    None
b - Stone Arrow           Conj/Erth      ###...       11%         3    ###....
c - Lee's Rapid Deconstr  Erth           ###.......   47%         5    ######.

Your spell library contained the following spells:

 Spells                   Type           Power        Failure   Level  Hunger
 Passwall                 Tmut/Erth      ##......     8%          2    ##.....
 Petrify                  Tmut/Erth      ##......     45%         4    ####...


Dungeon Overview and Level Annotations

Branches:
Dungeon (3/15)

Altars:

Annotations:
D:3 Grinder


Innate Abilities, Weirdness & Mutations

You are resistant to torment.
Your stone body is resilient. (AC +4)
You are immune to poison.
You resist negative energy. (rN+)
You are resistant to electric shocks. (rElec)
You can survive without breathing.
You are immune to petrification.
You are immune to rotting.


Message History

Grinder zaps a wand.
The puff of flame misses you.
You hit Grinder.
Grinder is poisoned.
Grinder is severely wounded.
Grinder says, "I used to sell toenails on the black market."
Grinder zaps a wand.
The puff of flame hits you.
You barely miss Grinder.
Grinder is severely wounded.
Grinder hits you.
* * * LOW HITPOINT WARNING * * *
Unknown command.
Casting: Stone Arrow (safe; 11% risk of failure)
Confirm with . or Enter, or press ? or * to list all spells.
Aiming: Sandblast (safe; 1% risk of failure)
Press: ? - help, Shift-Dir - straight line, f/p - Grinder
Aim: Grinder, carrying a wand of flame (10) (severely wounded, poisoned)
The blast of sand hits Grinder but does no damage.
Grinder is severely wounded.
b - 197 stones Grinder hits you!
You die...

5........... ?.......... #
######## .......... #
#......# ......... #
#......# #........ #
#......# #........ #
#......# #........ #
#....).# ######........ #
##......#####...@5........
#
.'......'.÷)'÷............
#
.#......#####.............
# )#......# #.............
# .#......# #.........####
# )#......# #...).....# #
.#......# #.........#
.######## #..........# .#
#..........#


You could see Grinder.

Vanquished Creatures
  5 gnolls
  5 adders
  An ooze (D:3)
  2 worms (D:2)
  A dart slug (D:2)
  3 leopard geckos
  6 orcs (D:3)
  3 giant cockroaches
  3 goblins
  12 hobgoblins
  6 jackals (D:2)
  2 ball pythons (D:1)
  3 bats
  6 frilled lizards
  3 kobolds
  6 rats
67 creatures vanquished.

Notes
Turn   | Place    | Note
-------+----------+-------------------------------------------
     0 | D:1      | DonutEater the Gargoyle Earth Elementalist began the quest
                  | for the Orb.
     0 | D:1      | Reached XP level 1. HP: 10/10 MP: 3/3
   289 | D:1      | Reached skill level 4 in Earth Magic
   289 | D:1      | Reached XP level 2. HP: 10/15 MP: 5/5
   887 | D:2      | Reached XP level 3. HP: 13/19 MP: 4/6
   893 | D:2      | Learned a level 3 spell: Stone Arrow
  1475 | D:2      | Reached skill level 1 in Conjurations
  1475 | D:2      | Reached XP level 4. HP: 11/24 MP: 1/8
  2552 | D:2      | Reached skill level 5 in Earth Magic
  2884 | D:2      | Reached XP level 5. HP: 28/28 MP: 4/9
  2896 | D:2      | Learned a level 5 spell: Lee's Rapid Deconstruction
  3522 | D:3      | Noticed Grinder
  3535 | D:3      | Paralysed by Grinder for 3 turns
  3542 | D:3      | Slain by Grinder

Levels and vault maps discovered:
D:1:      lightli_arrival_flooded_house, layout_loops_cross
D:2:      layout_loops_ring, serial_rivers, chequers_serial_rivers_micro_c,
          chequers_serial_rivers_micro_c, chequers_serial_rivers_room_b,
          chequers_serial_rivers_micro_d, minmay_misc_feat_tower,
          cheibrodos_gnoll_hut
D:3:      minmay_diamond_boxcup, layout_basic, chequers_ecumenical_altar_island,
          first_ration, uniq_ijyb, uniq_grinder

Skill      XL: |  1  2  3  4 |
---------------+-------------+-----
Earth Magic    | 4 5 |  5.3
Conjurations   | 1 2 |  2.4
Spellcasting   | 3 |  3.5
Dodging        | |  1.5
Stealth        | |  2.1
Transmutations | |  0.7

Action                   |  1- 3 |  4- 6 || total
-------------------------+-------+-------++-------
Melee: Mace              |    36 |       ||    36
       Club              |     9 |       ||     9
       Falchion          |       |    33 ||    33
       Spear             |       |    49 ||    49
 Cast: Sandblast         |    28 |    31 ||    59
       Stone Arrow       |     1 |     4 ||     5
  Use: Scroll            |     6 |     2 ||     8
       Potion            |     3 |       ||     3
 Stab: Sleeping          |     1 |     4 ||     5
  Eat: Chunk             |     2 |     7 ||     9
Armor: Robe              |    11 |    13 ||    24
       Skin              |    11 |       ||    11
Dodge: Dodged            |    42 |    61 ||   103
       Rpst.: Falchion   |       |     8 ||     8

Table legend:
 A = Non-vault XP
 B = Vault XP
 C = Vault XP percentage of total XP
 D = Non-vault monster count
 E = Vault monster count
 F = Vault count percentage of total count
                 A         B        C        D         E       F
            +---------+---------+-------+---------+---------+-------
      Total |     195 |      62 |  24.1 |      56 |      11 |  16.4
            +---------+---------+-------+---------+---------+-------
        D:1 |      17 |       0 |   0.0 |      11 |       0 |   0.0
        D:2 |     136 |      19 |  12.3 |      32 |       3 |   8.6
        D:3 |      42 |      43 |  50.6 |      13 |       8 |  38.1
            +---------+---------+-------+---------+---------+-------
